 Dungeon Crawl Stone Soup version 0.29-a0-251-g80730f7218 (webtiles) character file.

Game seed: 10724969379115299024

623 spaghetti the Chiller (level 7, 0/54 (56) HPs)
             Began as a Demonspawn Chaos Knight on Mar 5, 2022.
             Was a Plaything of Xom.
             Slain by a wight
             ... wielding a +2 dagger
              (2 damage)
             ... on level 5 of the Dungeon.
             The game lasted 00:06:50 (3608 turns).

spaghetti the Chiller (Demonspawn Chaos Knight)     Turns: 3608, Time: 00:06:51

HP:   0/54 (56)     AC:  6    Str: 14    XL:     7   Next: 22%
MP:   7/7           EV: 11    Int: 14    God:    Xom [....*.]
Gold: 164           SH:  0    Dex: 12    Spells: 2/6 levels left

rFire   + . .      SeeInvis .   a - +7 lajatang of Order {silver, rMut, staff}
rCold   . . .      Faith    .   (shield currently unavailable)
rNeg    . . .      Spirit   .   i - +2 leather armour
rPois   +          Reflect  .   j - +1 helmet
rElec   .          Harm     .   s - +0 cloak
rCorr   .          Rampage  .   (no gloves)
rMut    +          Clarity  +   (no boots)
Will    .....                   (no amulet)
Stlth   +.........              p - ring of protection from fire
HPRegen 0.18/turn               (no ring)
MPRegen 0.10/turn

@: studying Ice Magic, lightly drained
A: foul stench 1, big brain 1, demonic touch 1, clarity, deformed body, dopey 1,
poison resistance, no potion heal 1, MP-powered wands
a: Renounce Religion


You were on level 5 of the Dungeon.
You worshipped Xom.
You were a beloved toy of Xom.
You visited 1 branch of the dungeon, and saw 5 of its levels.

You collected 164 gold pieces.


Innate Abilities, Weirdness & Mutations

You may rarely emit foul miasma when damaged in melee.
You have an unusually large brain. (Int +2)
Your touch may inflict minor irresistible damage on your foes.
You possess an exceptional clarity of mind.
Armour fits poorly on your strangely shaped body.
You are dopey. (Int -2)
Your system is resistant to poisons. (rPois)
Potions are less effective at restoring your health.
You expend magic power (3 MP) to strengthen your wands.


   Skills:
 - Level 5.0 Fighting
 - Level 2.4 Staves
 - Level 1.7 Armour
 - Level 0.8 Dodging
 - Level 2.6 Unarmed Combat
 + Level 7.7 Ice Magic


You had 2 spell levels left.
You knew the following spells:

 Your Spells              Type           Power      Damage    Failure   Level
a - Summon Ice Beast      Ice/Summ       10%        N/A       58%         4

Your spell library contained the following spells:

 Spells                   Type           Power      Damage    Failure   Level
 Foxfire                  Conj/Fire      0%         2x1d4     34%         1
 Frozen Ramparts          Ice            42%        1d6       4%          3
 Ice Form                 Ice/Tmut       10%        N/A       58%         4
 Conjure Flame            Conj/Fire      0%         6-21      71%         3
 Inner Flame              Hex/Fire       0%         N/A       71%         3
 Flame Wave               Conj/Fire      0%         2d4       98%         4

Inventory:

Hand Weapons
 a - the +7 lajatang of Order (weapon) {silver, rMut, staff}
   (Xom gifted it to you on level 1 of the Dungeon)

   It inflicts extra damage upon those it strikes, and deals substantially
   increased damage to chaotic, mutated and magically transformed beings.
   rMut:      It protects you from mutation.
 b - a +0 hunting sling {sling}
   (You found it on level 3 of the Dungeon)
 d - a +0 dagger {short}
   (You found it on level 1 of the Dungeon)
 f - a +0 club {mace}
   (You took it off a goblin on level 1 of the Dungeon)
 g - a +0 whip {mace}
   (You found it on level 1 of the Dungeon)
Missiles
 h - 123 stones (quivered) {throwing}
 k - a boomerang {throwing}
 m - 6 poisoned darts {throwing}
 q - 6 datura-tipped darts {throwing}
Armour
 i - a +2 leather armour (worn)
 j - a +1 helmet (worn)
   (You found it on level 1 of the Dungeon)
 s - a +0 cloak (worn)
   (You found it on level 4 of the Dungeon)
 u - a +0 plate armour
   (You found it on level 4 of the Dungeon)
Jewellery
 c - a ring of fire
   (You found it on level 1 of the Dungeon)
 p - a ring of protection from fire (left hand)
   (You found it on level 1 of the Dungeon)
Scrolls
 l - 2 scrolls of amnesia
Potions
 n - a potion of curing {@q1}
 o - 2 potions of flight

Dungeon Overview and Level Annotations

Branches:
Dungeon (5/15)
 Temple: D:4-7

Altars:

... #.. #.. #.
#####..## #.
......... ..
....s...# #.
........# #.
#######.#####
#.##.z@...#...:#
#.#.#.####.###.#
#..###.#
#.###.####.#
#.##
#.##.#........#
## .##.# #.##
##.# #.# #.# #.#
... ..# ##.


You could see a wight.


Message History

You feel drained.
* * * LOW HITPOINT WARNING * * *
😱 HP[-12]
You now have 53 max hp (-1).
You take 12 damage, and now have 12/53 hp.
MASSIVE DAMAGE!! (PAUSE) Unknown command.
It was a potion of flight.
You feel very buoyant.
You fly up into the air.
The wight misses you.
It was a potion of cancellation.
Your magical effects are unravelling.
You feel magically purged.
Xom roars with laughter!
You float gracefully downwards.
The wight hits you with a +4 flail.
* * * LOW HITPOINT WARNING * * *
😱 HP[-4]
You take 4 damage, and now have 8/53 hp.
As you read the scroll of teleportation {@r4}, it crumbles to dust.
You feel strangely unstable. The wight barely misses you. 😱 HP[+1]
Your surroundings suddenly seem different.
You start resting.
A troll comes into view. 😨 HP[+16]
You regained 16 hp, and now have 25/53 hp.
You aren't carrying any items that you can evoke.
Okay, then.
Blink to where?
Press: ? - help, Dir - move target
As you read the scroll labelled QYFOTO SUPH, it crumbles to dust.
It was a scroll of blinking. 😨 HP[+1]
A phantom comes into view.
The phantom hits you!
* * * LOW HITPOINT WARNING * * *
😨 HP[-7]
You take 7 damage, and now have 19/53 hp. 😨 HP[+1]
There is a stone staircase leading up, spattered with blood here.
The phantom hits you.
* * * LOW HITPOINT WARNING * * *
The phantom blinks!
You blink.
You stop ascending the stairs. 😨 HP[-4]
You take 4 damage, and now have 16/53 hp.
Unknown command.
Unknown command.
Unknown command.
You slash the phantom! The phantom closely misses you.
You barely miss the phantom. The phantom hits you.
* * * LOW HITPOINT WARNING * * *
The phantom blinks!
You blink. 😱 HP[-5]
You take 5 damage, and now have 11/53 hp.
Unknown command.
Unknown command.
You hit the phantom.
You destroy the phantom!
You feel your dexterity returning.
Your life force feels restored. 😱 HP[+1]
You now have 56 max hp (+3).
(D) Dungeon
Where to? (Enter - D:4 @ (x,y), ? - help)
A scorpion comes into view.
Unknown command.
Unknown command. 😱 HP[+1]
There is a stone staircase leading up, spattered with blood here.
You climb upwards.
The wight barely misses you. x2
The wight closely misses you.
There is a stone staircase leading down here. 😱 HP[+1] Unknown command.
Unknown command.
There are monsters nearby!
The wight completely misses you. The wight hits you with a +2 dagger.
* * * LOW HITPOINT WARNING * * *
You emit a cloud of colourful smoke!
You feel drained.
* * * LOW HITPOINT WARNING * * *
You climb downwards.
There is a stone staircase leading up, spattered with blood here. 😱 HP[-5]
You now have 55 max hp (-1).
You take 5 damage, and now have 9/55 hp.
Unknown command.
Unknown command.
Unknown command.
Unknown command.
You barely miss the wight. The wight hits you but does no damage.
Okay, then.
You slash the wight! The wight hits you with a +2 dagger!
* * * LOW HITPOINT WARNING * * *
You feel drained.
You die... "This toy is broken."

Skill      XL: |  1  2  3  4  5  6 |
---------------+-------------------+-----
Fighting       | 4 5 |  5.0
Staves         | 1 2 |  2.4
Ice Magic      | 4 7 |  7.7
Armour         | |  1.7
Dodging        | |  0.8
Unarmed Combat | |  2.6

Action                   |  1- 3 |  4- 6 |  7- 9 || total
-------------------------+-------+-------+-------++-------
Melee: Unarmed           |    52 |       |       ||    52
       Punch             |     4 |       |       ||     4
       Whip              |    27 |       |       ||    27
       Lajatang          |    18 |   136 |    13 ||   167
       Headbutt          |       |    12 |       ||    12
 Fire: Hunting sling     |       |     2 |       ||     2
  Use: Scroll            |     5 |     1 |     3 ||     9
       Potion            |     1 |     2 |     2 ||     5
 Stab: Sleeping          |     1 |       |       ||     1
Armor: Leather armour    |    41 |    53 |     1 ||    95
       Plate armour      |       |     1 |       ||     1
       Skin              |       |     1 |       ||     1
Dodge: Dodged            |    76 |    79 |    11 ||   166

Levels and vault maps discovered:
D:1:      ebering_trefoil_3fold, layout_loops_ring, serial_forest,
          infiniplex_forest_end_1, infiniplex_forest_clump_curved,
          infiniplex_forest_clump_curved, infiniplex_forest_corner_1,
          infiniplex_forest_lined_1, infiniplex_forest_clump_cross,
          infiniplex_forest_straight_2, hellmonk_ecumenical_altar_heavens_door,
          minmay_tromino_v2
D:2:      layout_basic, uniq_natasha
D:3:      layout_basic, bh_walls_and_bars, uniq_robin
D:4:      layout_basic, minmay_temple_entry_crystal_x, uniq_sigmund
D:5:      layout_loops_ring, abandoned_shop

Notes
Turn   | Place    | Note
-------+----------+-------------------------------------------
     0 | D:1      | spaghetti the Demonspawn Chaos Knight began the quest for
                  | the Orb.
     0 | D:1      | Reached XP level 1. HP: 18/18 MP: 1/1
     0 | D:1      | magus.rc [v1.9.6]
   143 | D:1      | Found a faded altar of an unknown god.
   148 | D:1      | XOM: butterfly on damage
   490 | D:1      | Gained mutation: You have an unusually large brain. (Int
                  | +2) [demonic ancestry]
   490 | D:1      | Reached XP level 2. HP: 24/24 MP: 2/2
   633 | D:1      | XOM: silly message
   684 | D:1      | XOM: smoke on damage
   836 | D:1      | You pick up a book of Flames and begin reading...
   836 | D:1      | You add the spells Foxfire, Conjure Flame, Inner Flame and
                  | Flame Wave to your library.
   852 | D:1      | XOM: god gift: +7 lajatang of Order {silver, rMut}
   853 | D:1      | Found the +7 lajatang of Order {silver, rMut}
   901 | D:1      | XOM: give mutations
   901 | D:1      | Gained mutation: You expend magic power (3 MP) to
                  | strengthen your wands. [Xom's grace]
   901 | D:1      | Gained mutation: You are strong-willed. (Will+) [Xom's
                  | grace]
  1203 | D:2      | Reached skill level 4 in Fighting
  1259 | D:2      | Noticed Natasha
  1266 | D:2      | HP: 6/25 [shadow imp/nerve-wracking pain[Natasha] (4)]
  1268 | D:2      | Noticed a crimson imp
  1268 | D:2      | Killed Natasha
  1269 | D:2      | Reached skill level 1 in Staves
  1269 | D:2      | Reached XP level 3. HP: 8/30 MP: 3/3
  1294 | D:2      | Noticed Natasha
  1298 | D:2      | XOM: enchant monster (good)
  1302 | D:2      | Killed Natasha
  1303 | D:2      | Reached skill level 2 in Staves
  1303 | D:2      | Reached XP level 4. HP: 11/37 MP: 4/4
  1368 | D:2      | XOM: god gift: manual of Ice Magic
  1419 | D:2      | XOM: give mutations
  1419 | D:2      | Gained mutation: You possess an exceptional clarity of
                  | mind. [Xom's grace]
  1419 | D:2      | Gained mutation: You have a pair of small horns on your
                  | head. [Xom's grace]
  1419 | D:2      | Gained mutation: You have sharp fingernails. [Xom's grace]
  1628 | D:2      | You pick up a book of Rime and begin reading...
  1628 | D:2      | You add the spells Frozen Ramparts, Ice Form and Summon Ice
                  | Beast to your library.
  1647 | D:2      | Noticed Natasha
  1652 | D:2      | Killed Natasha
  1733 | D:2      | XOM: 5-stop teleportation journey
  1847 | D:2      | You fall into a shaft and drop 1 floor!
  2158 | D:3      | Noticed Robin
  2165 | D:3      | Killed Robin
  2166 | D:3      | Reached XP level 5. HP: 43/43 MP: 5/5
  2192 | D:3      | Reached skill level 5 in Fighting
  2449 | D:3      | XOM: silly message
  2456 | D:3      | Reached skill level 2 in Ice Magic
  2650 | D:3      | XOM is BORED!
  2650 | D:3      | XOM: give mutations
  2650 | D:3      | Gained mutation: Your system is resistant to poisons.
                  | (rPois) [Xom's mischief]
  2650 | D:3      | Gained mutation: Armour fits poorly on your strangely
                  | shaped body. [Xom's mischief]
  2650 | D:3      | Gained mutation: You are dopey. (Int -2) [Xom's mischief]
  2702 | D:4      | XOM: give mutations
  2702 | D:4      | Gained mutation: Potions are less effective at restoring
                  | your health. [Xom's mischief]
  2702 | D:4      | Lost mutation: You have a pair of small horns on your head.
                  | [Xom's mischief]
  2730 | D:4      | Reached skill level 3 in Ice Magic
  2886 | D:4      | Reached skill level 4 in Ice Magic
  2886 | D:4      | Gained mutation: You may rarely emit foul miasma when
                  | damaged in melee. [demonic ancestry]
  2886 | D:4      | Reached XP level 6. HP: 46/51 MP: 6/6
  2906 | D:4      | XOM: 6-stop teleportation journey
  2911 | D:4      | Reached skill level 5 in Ice Magic
  3120 | D:4      | Reached skill level 6 in Ice Magic
  3188 | D:4      | Learned a level 4 spell: Summon Ice Beast
  3211 | D:4      | XOM: give mutations
  3211 | D:4      | Lost mutation: You have sharp fingernails. [Xom's mischief]
  3211 | D:4      | Lost mutation: You are strong-willed. (Will+) [Xom's
                  | mischief]
  3211 | D:4      | Gained mutation: You are clumsy. (Dex -2) [Xom's mischief]
  3211 | D:4      | Lost mutation: You are clumsy. (Dex -2) [Xom's mischief]
  3239 | D:4      | XOM: stat loss: -1 Dex (11/12)
  3242 | D:4      | Reached skill level 7 in Ice Magic
  3242 | D:4      | Gained mutation: Your touch may inflict minor irresistible
                  | damage on your foes. [demonic ancestry]
  3242 | D:4      | Reached XP level 7. HP: 39/56 MP: 7/7
  3248 | D:4      | XOM: 4-stop teleportation journey
  3478 | D:5      | Entered Level 5 of the Dungeon
  3479 | D:5      | HP: 12/53 [wight/+4 flail (2)]
  3582 | D:5      | Noticed a troll
  3593 | D:5      | HP: 11/53 [phantom (5)]
  3605 | D:4      | HP: 10/56 [wight/+2 dagger (4)]
  3605 | D:4      | XOM: smoke on damage
  3608 | D:5      | HP: 2/55 [wight/+2 dagger (7)]
  3608 | D:5      | Slain by a wight

Vanquished Creatures
  A black bear (D:4)
  An ogre (D:4)
  A phantom (D:5)
  2 scorpions (D:4)
  2 orc wizards
  Natasha (thrice) (D:2)
  Robin (D:3)
  3 adders
  A worm (D:4)
  10 orcs
  6 endoplasms
  5 giant cockroaches
  16 goblins
  9 hobgoblins
  5 jackals
  3 quokkas
  6 ball pythons
  5 bats
  3 frilled lizards
  6 kobolds
  2 rats
91 creatures vanquished.

Vanquished Creatures (others)
  A plant (D:1)
1 creature vanquished.

Grand Total: 92 creatures vanquished

Table legend:
 A = Non-vault XP
 B = Vault XP
 C = Vault XP percentage of total XP
 D = Non-vault monster count
 E = Vault monster count
 F = Vault count percentage of total count
                 A         B        C        D         E       F
            +---------+---------+-------+---------+---------+-------
      Total |     821 |      70 |   7.9 |      78 |      13 |  14.3
            +---------+---------+-------+---------+---------+-------
        D:1 |      26 |       1 |   3.7 |      16 |       1 |   5.9
        D:2 |     103 |      35 |  25.4 |      15 |       1 |   6.2
        D:3 |      92 |      34 |  27.0 |      22 |      11 |  33.3
        D:4 |     500 |       0 |   0.0 |      24 |       0 |   0.0
        D:5 |     100 |       0 |   0.0 |       1 |       0 |   0.0
            +---------+---------+-------+---------+---------+-------

Illustrated notes

Table legend:
 A = Kills in this place as a percentage of kills in entire the game.
 B = Kills by you in this place as a percentage of kills by you in the entire game.
 C = Kills by friends in this place as a percentage of kills by friends in the entire game.
 D = Other kills in this place as a percentage of other kills in the entire game.
 E = Experience gained in this place as a percentage of experience gained in the entire game.
 F = Experience gained in this place divided by the number of levels of this place that you have seen.
                   A       B       C       D       E      F
               +-------+-------+-------+-------+-------+----------------------
         Total | 100.0 | 100.0 |   N/A |   N/A | 100.0 | 178.2
       Dungeon | 100.0 | 100.0 |   N/A |   N/A | 100.0 | 178.2
               +-------+-------+-------+-------+-------+----------------------

Table legend: (Time is in decaauts)
 A = Elapsed time spent in this place.
 B = Non-inter-level travel time spent in this place.
 C = Inter-level travel time spent in this place.
 D = Time resting spent in this place.
 E = Time spent auto-exploring this place.
 F = Levels seen in this place.
 G = Mean time per level.
                   A        B        C        D        E       F      G
               +--------+--------+--------+--------+--------+-----+--------+
         Total |   3654 |   3598 |     56 |    943 |   2025 |   5 |  730.8 |
       Dungeon |   3654 |   3598 |     56 |    943 |   2025 |   5 |  730.8 |
               +--------+--------+--------+--------+--------+-----+--------+

Top non-repeatable levels by time:
     D:1: 1105 daAuts
     D:4: 851 daAuts
     D:3: 815 daAuts
     D:2: 753 daAuts
     D:5: 129 daAuts
